 Dungeon Crawl Stone Soup version 0.21.1-1-g345015f (webtiles) character file.

3249 inc the Jinx (level 9, -5/42 HPs)
             Began as a Felid Enchanter on Feb 22, 2018.
             Was an Elder of Sif Muna.
             Slain by a two-headed ogre
             ... wielding a +0 giant spiked club
              (13 damage)
             ... on level 10 of the Dungeon.
             The game lasted 00:27:31 (11342 turns).

inc the Jinx (Felid Enchanter)                     Turns: 11342, Time: 00:27:32

Health: -5/42      AC:  2    Str:  4    XL:     9   Next: 67%
Magic:  6/13       EV: 18    Int: 19    God:    Sif Muna [****..]
Gold:   358        SH:  0    Dex: 17    Spells: 6/12 levels left
                                        Lives:  0   Deaths: 2

rFire    . . .     SeeInvis +     - Unarmed
rCold    . . .     Gourm    .   (shield unavailable)
rNeg     . . .     Faith    .   (armour unavailable)
rPois    .         Spirit   .   (helmet unavailable)
rElec    .         Reflect  .   (cloak unavailable)
rCorr    .         Harm     .   (gloves unavailable)
MR       ++...                  (boots unavailable)
Stlth    ++++......             (no amulet)
HPRegen  0.14/turn              t - ring of protection from magic
MPRegen  0.13/turn              (no ring)

@: divine energy, quick
A: very small, no armour, no weapons or thrown items, stealth, claws 1, fangs 3,
see invisible, carnivore, speed 1, shaggy fur 2, slow metabolism 1, sharp paws
a: Stop Divine Energy, Channel Magic, Forget Spell, Renounce Religion


You were on level 10 of the Dungeon.
You worshipped Sif Muna.
Sif Muna was greatly pleased with you.
You were not hungry.

You visited 1 branch of the dungeon, and saw 10 of its levels.
You also visited: Ossuary.

You collected 358 gold pieces.

Inventory:

Jewellery
 t - a ring of protection from magic (left paw)
 A - an uncursed amulet of regeneration {unknown}
 D - an uncursed ring of protection from magic
 F - an uncursed ring of see invisible {unknown}
 H - an uncursed ring of wizardry {unknown}
Wands
 q - a wand of iceblast (11)
 w - a wand of disintegration (17)
 B - a wand of scattershot (5)
 C - a wand of random effects (24)
Scrolls
 c - a scroll of enchant armour {unknown}
 d - 4 scrolls of remove curse
 e - a scroll of amnesia {unknown}
 f - a scroll of magic mapping {unknown}
 g - 3 scrolls of immolation {unknown}
 i - 5 scrolls of teleportation {unknown}
 j - 2 scrolls of blinking {unknown}
 n - 9 scrolls of identify
 o - 2 scrolls of random uselessness {unknown}
 u - 2 scrolls of enchant weapon {unknown}
 v - a scroll of acquirement {unknown}
 y - a scroll of silence {unknown}
 E - a scroll of vulnerability {unknown}
 G - a scroll of brand weapon {unknown}
Potions
 h - a potion of haste
 k - a potion of agility
 l - 2 potions of brilliance
 m - 4 potions of berserk rage
 p - 6 potions of curing
 r - 3 potions of might
 s - 2 potions of heal wounds
 z - a potion of ambrosia {unknown}
Books
 a - a book of Maledictions

   Spells                             Type                      Level
   a - Corona                         Hexes                        1
   b - Ensorcelled Hibernation        Hexes/Ice                    2
   c - Confuse                        Hexes                        3
   d - Tukima's Dance                 Hexes                        3
   e - Dazzling Spray                 Conjuration/Hexes            3
 x - a book of Cantrips

   Spells                             Type                      Level
   a - Confusing Touch                Hexes                        1
   b - Animate Skeleton               Necromancy                   1
   c - Summon Small Mammal            Summoning                    1
   d - Apportation                    Translocation                1
Comestibles
 b - 18 rations


   Skills:
 - Level 6.3 Fighting
 - Level 2.6 Dodging
 - Level 6.5 Stealth
 + Level 7.5 Unarmed Combat
 - Level 2.0 Spellcasting
 - Level 10.8 Hexes
 - Level 6.2 Ice Magic


You had 6 spell levels left.
You knew the following spells:

 Your Spells              Type           Power        Failure   Level  Hunger
a - Corona                Hex            #####..      1%          1    #......
b - Ensorcelled Hibernat  Hex/Ice        ####..       1%          2    ###....
c - Confuse               Hex            #####...     1%          3    ###....


Dungeon Overview and Level Annotations

Branches:
Dungeon (10/15)            Temple (0/1) D:6            Lair (0/6) D:9
    Orc: D:9-12

Altars:
Cheibriados
Fedhas
Hepliaklqana
Nemelex Xobeh
Okawaru
Sif Muna
Vehumet
Yredelemnul

Annotations:
D:4 Pikel; troglodite's ghost, novice DsBe


Innate Abilities, Weirdness & Mutations

You cannot wear armour.
You are incapable of wielding weapons or throwing items.
Your paws allow you to move quietly. (Stealth)
You have sharp claws.
You have razor-sharp teeth.
You have supernaturally acute eyesight. (SInv)
You are carnivorous and can eat meat at any time.
You cover ground quickly.
You are covered in thick fur. (AC +2)
You have a slow metabolism.
Your sharp claws are effective at attacking unaware monsters.


Message History

Casting: Ensorcelled Hibernation
Confirm with . or Enter, or press ? or * to list all spells.
Aiming: Ensorcelled Hibernation
Press: ? - help, Shift-Dir - straight line, f/p - two-headed ogre
Aim: a two-headed ogre, wielding a giant spiked club and a giant club (chance to defeat MR: 45%)
The two-headed ogre resists with some effort.
The two-headed ogre hits you with a giant spiked club!
The two-headed ogre hits you with a giant club!!
Ouch! That really hurt!
* * * LOW HITPOINT WARNING * * *
Casting: Ensorcelled Hibernation
Confirm with . or Enter, or press ? or * to list all spells.
Aiming: Ensorcelled Hibernation
Press: ? - help, Shift-Dir - straight line, f/p - two-headed ogre
Aim: a two-headed ogre, wielding a giant spiked club and a giant club (chance to defeat MR: 45%)
The two-headed ogre resists with some effort.
The two-headed ogre closely misses you.
The two-headed ogre completely misses you.
The two-headed ogre hits you with a giant spiked club!
You die...

######## #......#
#......# #.O....#
#@.....# #......#
#......# ######......#
##.....##...##
##.......#...#
#.........##.##
#.........##..########
#.........###........#


You could see a two-headed ogre.

Vanquished Creatures
  2 two-headed ogres
  A troll (D:9)
  2 wargs (D:9)
  A yak (D:10)
  2 orc warriors
  A black bear (D:7)
  An ice beast (D:6)
  2 ogres
  2 sky beasts
  A bullfrog (D:7)
  A big kobold (D:9)
  A water moccasin zombie (Ossuary)
  A scorpion (D:10)
  A killer bee (D:9)
  A howler monkey (D:7)
  2 orc priests
  3 hounds
  2 jellies
  A bullfrog skeleton (D:7)
  2 centaur skeletons
  An iguana (D:6)
  4 orc wizards
  3 worker ants
  A big kobold zombie (Ossuary)
  A hound skeleton (D:6)
  2 mummies (Ossuary)
  6 gnolls
  13 adders
  2 shadow imps
  2 oozes
  6 adder zombies (Ossuary)
  4 worms
  A dart slug (D:3)
  2 leopard geckos (D:6)
  13 orcs
  A ball python (D:8)
  7 giant cockroaches
  A gnoll zombie (Ossuary)
  5 hobgoblins
  12 jackals
  6 quokkas
  4 bats
  7 frilled lizards
  7 goblins
  6 hobgoblin zombies (Ossuary)
  A jackal zombie (D:5)
  4 kobolds
  5 kobold zombies (Ossuary)
  2 orc zombies (Ossuary)
  4 rats
163 creatures vanquished.

Notes
Turn   | Place    | Note
-------+----------+-------------------------------------------
     0 | D:1      | inc the Felid Enchanter began the quest for the Orb.
     0 | D:1      | Reached XP level 1. HP: 7/7 MP: 4/4
   598 | D:1      | Reached XP level 2. HP: 11/11 MP: 6/6
   602 | D:1      | Learned a level 2 spell: Ensorcelled Hibernation
  1000 | D:2      | Reached XP level 3. HP: 14/14 MP: 7/7
  1005 | D:2      | Learned a level 3 spell: Confuse
  1367 | D:2      | Found a blossoming altar of Fedhas.
  1480 | D:2      | Reached skill level 1 in Ice Magic
  1745 | D:2      | Reached skill level 5 in Hexes
  1880 | D:3      | Found a faded altar of an unknown god.
  1890 | D:3      | Reached XP level 4. HP: 18/18 MP: 3/8
  2133 | D:3      | Became a worshipper of Sif Muna the Loreminder
  2133 | D:3      | Reached * piety under Sif Muna
  3291 | D:3      | Reached XP level 5. HP: 17/21 MP: 6/9
  3349 | D:3      | Reached skill level 6 in Hexes
  4026 | D:4      | Noticed a slave
  4026 | D:4      | Noticed a slave
  4026 | D:4      | Noticed a slave
  4026 | D:4      | Noticed a slave
  4027 | D:4      | Noticed Pikel
  4041 | D:5      | Entered Level 5 of the Dungeon
  4856 | D:5      | Reached skill level 5 in Stealth
  4870 | D:5      | Found an iron altar of Okawaru.
  4963 | D:5      | Found a snail-covered altar of Cheibriados.
  4965 | D:5      | Found a radiant altar of Vehumet.
  4966 | D:5      | Found a sparkling altar of Nemelex Xobeh.
  5217 | D:6      | Noticed an ogre
  5240 | D:6      | Killed an ogre
  5240 | D:6      | Gained mutation: You are covered in thick fur. (AC +2) [Felid growth]
  5240 | D:6      | Reached XP level 6. HP: 24/24 MP: 4/10
  5281 | D:6      | Found a staircase to the Ecumenical Temple.
  5478 | D:6      | Noticed an ice beast
  5498 | D:6      | Mangled by an ice beast
  5499 | D:6      | Reached XP level 5. HP: -10/21 MP: 5/9
  5549 | D:6      | Found a sand-covered staircase.
  5555 | Ossuary  | Entered an ossuary
  6154 | Ossuary  | Reached skill level 1 in Fighting
  6154 | Ossuary  | Reached XP level 6. HP: 22/26 MP: 0/10
  6590 | Ossuary  | Reached ** piety under Sif Muna
  6752 | D:6      | Found a basalt altar of Yredelemnul.
  6950 | D:6      | Killed an ice beast
  7194 | D:6      | Noticed an orc warrior
  7231 | D:6      | Killed an orc warrior
  7231 | D:6      | Reached XP level 7. HP: 32/32 MP: 2/11
  7774 | D:7      | Reached skill level 5 in Fighting
  8409 | D:4      | Noticed troglodite's ghost (novice DsBe)
  9212 | D:8      | Reached skill level 7 in Hexes
  9212 | D:8      | Reached XP level 8. HP: 39/39 MP: 12/12
  9384 | D:8      | Slain by a gnoll
  9385 | D:8      | Reached XP level 7. HP: -3/35 MP: 7/11
  9385 | D:8      | Found a hazy altar of Hepliaklqana.
  9386 | D:8      | Noticed a hungry ghost
  9771 | D:9      | Reached skill level 8 in Hexes
  9772 | D:9      | Found a staircase to the Lair.
  9787 | D:9      | Reached *** piety under Sif Muna
  9787 | D:9      | Reached XP level 8. HP: 21/39 MP: 0/12
  9796 | D:9      | Reached skill level 9 in Hexes
 10254 | D:9      | Reached skill level 5 in Ice Magic
 10345 | D:9      | Noticed a troll
 10365 | D:9      | Killed a troll
 10384 | D:9      | Noticed a two-headed ogre
 10418 | D:9      | Killed a two-headed ogre
 10418 | D:9      | Reached skill level 10 in Hexes
 10418 | D:9      | Reached XP level 9. HP: 41/42 MP: 4/13
 10499 | D:9      | Reached **** piety under Sif Muna
 10655 | D:10     | Entered Level 10 of the Dungeon
 10709 | D:10     | Reached skill level 5 in Unarmed Combat
 11052 | D:9      | Noticed a seven-headed hydra
 11072 | D:10     | Noticed a two-headed ogre
 11111 | D:10     | Killed a two-headed ogre
 11122 | D:10     | Noticed a troll
 11325 | D:10     | Noticed a two-headed ogre
 11342 | D:10     | Slain by a two-headed ogre

Skill      XL: |  1  2  3  4  5  6  7  8  9 |
---------------+----------------------------+-----
Unarmed Combat | 2 3 7 |  7.5
Ice Magic      | 1 2 4 6 |  6.2
Hexes          | 5 6 8 10 | 10.8
Stealth        | 6 |  6.5
Fighting       | 1 4 6 |  6.3
Dodging        | |  2.6
Spellcasting   | |  2.0

Action                   |  1- 3 |  4- 6 |  7- 9 || total
-------------------------+-------+-------+-------++-------
Melee: Unarmed           |    85 |   252 |   164 ||   501
       Punch             |     1 |     2 |     5 ||     8
       Bite              |     5 |    22 |    16 ||    43
 Cast: Ensorcelled Hiber |    18 |    66 |    82 ||   166
       Confuse           |       |    28 |    17 ||    45
Invok: Divine Energy     |       |     1 |       ||     1
  Use: Scroll            |       |     6 |       ||     6
       Potion            |       |     4 |       ||     4
 Stab: Sleeping          |    18 |    51 |    42 ||   111
       Confused          |       |    10 |     5 ||    15
       Distracted        |       |       |     1 ||     1
  Eat: Chunk             |     7 |     4 |    17 ||    28
       Ration            |       |     3 |     1 ||     4
Armor: Skin              |     7 |    22 |     9 ||    38
Dodge: Dodged            |    59 |   178 |   136 ||   373
